 Dungeon Crawl Stone Soup version 0.27-a0-1557-g57f10a385c (webtiles) character file.

Game seed: 5421143699961483869

389 bande the Shield-Bearer (level 6, -7/38 HPs)
             Began as a Gargoyle Fighter on July 16, 2021.
             Mangled by a mummy (15 damage)
             ... in an ossuary.
             The game lasted 00:06:15 (4043 turns).

bande the Shield-Bearer (Gargoyle Fighter)          Turns: 4043, Time: 00:06:16

Health: -7/38      AC: 12    Str: 21    XL:     6   Next: 79%
Magic:  6/6        EV:  8    Int:  8    God:
Gold:   86         SH: 10    Dex: 10    Spells: 5/5 levels left

rFire    . . .     SeeInvis .   k - +2 hand axe (venom)
rCold    . . .     Faith    .   c - +1 kite shield
rNeg     + . .     Spirit   .   b - +0 scale mail
rPois    ∞         Reflect  .   f - +1 hat
rElec    +         Harm     .   (no cloak)
rCorr    .         Rampage  .   (no gloves)
Will     +....                  (no boots)
Stlth    ..........             (no amulet)
HPRegen  0.12/turn              i - ring of willpower
MPRegen  0.10/turn              (no ring)

@: mighty
A: sickness immunity, AC +4, negative energy resistance 1, electricity
resistance, torment resistance 1, petrification resistance
a: no special abilities


You were in an ossuary.
You visited 1 branch of the dungeon, and saw 4 of its levels.
You also visited: Ossuary.

You collected 86 gold pieces.

Inventory:

Hand Weapons
 a - a +0 war axe
 j - a +0 flail of holy wrath
 k - a +2 hand axe of venom (weapon)
Armour
 b - a +0 scale mail (worn)
 c - a +1 kite shield (worn)
 f - a +1 hat (worn)
Jewellery
 i - a ring of willpower (left hand)
 m - a ring of wizardry
Scrolls
 e - 3 scrolls of identify
 g - a scroll of amnesia
Potions
 h - a potion of resistance


   Skills:
 + Level 4.1 Fighting
 + Level 4.1 Axes
 + Level 4.6 Armour
 + Level 1.0 Dodging
 + Level 4.8 Shields


You had 5 spell levels left.
You didn't know any spells.
Your spell library contained the following spells:

 Spells                   Type           Power      Damage    Failure   Level
 Frozen Ramparts          Ice            0%         1d2       100%        3
 Ozocubu's Armour         Ice            0%         N/A       100%        3
 Ice Form                 Ice/Tmut       0%         N/A       100%        4
 Summon Ice Beast         Ice/Summ       0%         N/A       100%        4
 Metabolic Englaciation   Hex/Ice        0%         N/A       100%        5
 Simulacrum               Ice/Necr       0%         N/A       100%        6


Dungeon Overview and Level Annotations

Branches:
Dungeon (4/15)            Ossuary (1/1)
 Temple: D:4-7

Altars:

Shops:
D:1 ::(*


Innate Abilities, Weirdness & Mutations

You are immune to sickness and miasma.
Your stone body is resilient. (AC +4)
You are immune to poison.
You resist negative energy. (rN+)
You are resistant to electric shocks. (rElec)
You are resistant to unholy torment.
You are immune to petrification.


Message History

You block the mummy's attack. The mummy hits you!
* * * LOW HITPOINT WARNING * * *
You hit the mummy.
The mummy is heavily damaged.
You hit the mummy but do no damage. You barely miss the gnoll zombie.
You hit the kobold zombie.
The kobold zombie completely misses you.
The gnoll zombie hits you but does no damage.
The mummy hits you but does no damage.
You slash the mummy!
The mummy is almost destroyed.
You hit the kobold zombie. You completely miss the gnoll zombie.
You slash the mummy! You block the kobold zombie's attack.
The mummy hits you but does no damage. You block the gnoll zombie's attack.
Unknown command.
You feel very mighty all of a sudden. The kobold zombie hits you.
* * * LOW HITPOINT WARNING * * *
The gnoll zombie barely misses you. You block the mummy's attack.
The mummy hits you but does no damage.
You slash the mummy!
The mummy is almost destroyed.
You slash the mummy!
You destroy the mummy!
You slash the kobold zombie!
You destroy the kobold zombie!
You slash the gnoll zombie! The gnoll zombie barely misses you.
The mummy barely misses you.
You hit the mummy.
The mummy is almost destroyed.
You hit the gnoll zombie.
You destroy the gnoll zombie!
You slash the mummy!
You destroy the mummy!
A kobold zombie comes into view. 2 mummies come into view.
A hobgoblin zombie comes into view. 2 mummies come into view.
The mummy hits you!
You die...

..M #### M.
.... ##..## ...
....##....##...
...............
.......Z.......
#..............
#...MM...#
#..@.Z.#
##....## #....#
#....# #....#
#....# #....#
#....# #....#


You could see 4 mummies, a hobgoblin zombie and a kobold zombie.

Vanquished Creatures
  Menkaure (D:4)
  A jelly (D:3)
  An orc wizard (D:2)
  Natasha (thrice) (D:3)
  2 mummies (Ossuary)
  Robin (D:4)
  An adder (D:3)
  An adder skeleton (D:4)
  4 orcs
  5 ball pythons
  8 endoplasms
  4 giant cockroaches
  2 gnoll zombies (Ossuary)
  9 goblins
  13 hobgoblins
  5 jackals
  4 kobolds
  2 quokkas
  3 bats
  A hobgoblin zombie (Ossuary)
  A kobold zombie (Ossuary)
  2 orc zombies (Ossuary)
  A quokka skeleton (D:4)
  3 rats
78 creatures vanquished.

Notes
Turn   | Place    | Note
-------+----------+-------------------------------------------
     0 | D:1      | bande the Gargoyle Fighter began the quest for the Orb.
     0 | D:1      | Reached XP level 1. HP: 14/14 MP: 1/1
    23 | D:1      | Found Paok's Assorted Antiques.
    63 | D:1      | Found Uluwo's Book Boutique.
   110 | D:1      | Found Jotex's Book Shop.
   117 | D:1      | Reached XP level 2. HP: 2/19 MP: 2/2
   392 | D:1      | Found a faded altar of an unknown god.
   512 | D:1      | Found Ceicwo's Antique Weapon Boutique.
   793 | D:1      | Reached XP level 3. HP: 23/23 MP: 3/3
  1988 | D:2      | HP: 1/34 [something/puff of flame (4)]
  1991 | D:2      | Reached XP level 4. HP: 2/28 MP: 4/4
  2513 | D:3      | Noticed Natasha
  2519 | D:3      | Killed Natasha
  2631 | D:3      | Reached XP level 5. HP: 9/33 MP: 5/5
  3106 | D:3      | Noticed Natasha
  3119 | D:3      | Killed Natasha
  3611 | D:3      | Noticed Natasha
  3627 | D:3      | Killed Natasha
  3785 | D:4      | Noticed Robin
  3796 | D:4      | Killed Robin
  3806 | D:4      | Reached XP level 6. HP: 28/38 MP: 6/6
  3940 | D:4      | Noticed Menkaure
  3955 | D:4      | Killed Menkaure
  3956 | D:4      | Reached skill level 1 in Dodging
  3967 | D:4      | Found a sand-covered staircase.
  3975 | Ossuary  | Entered an ossuary
  4043 | Ossuary  | Mangled by a mummy

Illustrated notes

Levels and vault maps discovered:
D:1:      lightli_arrival_flooded_house, layout_basic,
          ebering_ecumenical_altar_hall, serial_shops, shop_statue,
          nicolae_shop_waterfront, shop_statue, shop,
          corexii_item_surrounded_by_moat, minmay_statues_item
D:2:      layout_loops_cross
D:3:      wander_river, layout_basic, uniq_natasha
D:4:      layout_basic, portal_sewer_entry_d, chequers_ossuary_entry_cave,
          dk_rats_in_the_wall, uniq_robin, uniq_sigmund, uniq_menkaure
Ossuary:  ossuary_tomb_3

Skill      XL: |  1  2  3  4  5  6 |
---------------+-------------------+-----
Axes           | 2 3 4 |  4.1
Shields        | 4 |  4.8
Armour         | 4 |  4.6
Fighting       | 4 |  4.1
Dodging        | 1 |  1.0

Action                   |  1- 3 |  4- 6 || total
-------------------------+-------+-------++-------
Melee: War axe           |   115 |     6 ||   121
       Hand axe          |       |    84 ||    84
  Use: Scroll            |     5 |     1 ||     6
       Potion            |     1 |     3 ||     4
Armor: Scale mail        |    61 |    60 ||   121
       Skin              |     6 |       ||     6
Dodge: Dodged            |    28 |    34 ||    62
Block: Kite shield       |    71 |    65 ||   136

Table legend: (Time is in decaauts)
 A = Elapsed time spent in this place.
 B = Non-inter-level travel time spent in this place.
 C = Inter-level travel time spent in this place.
 D = Time resting spent in this place.
 E = Time spent auto-exploring this place.
 F = Levels seen in this place.
 G = Mean time per level.
                   A        B        C        D        E       F      G
               +--------+--------+--------+--------+--------+-----+--------+
         Total |   4168 |   4113 |     55 |   1531 |   1777 |   5 |  833.6 |
       Dungeon |   4096 |   4041 |     55 |   1498 |   1777 |   4 | 1024.0 |
       Ossuary |     71 |     71 |      0 |     33 |      0 |   1 |   71.0 |
               +--------+--------+--------+--------+--------+-----+--------+

Top non-repeatable levels by time:
     D:3: 1840 daAuts
     D:2: 1077 daAuts
     D:1: 968 daAuts
     D:4: 210 daAuts
 Ossuary: 71 daAuts
